 Dungeon Crawl Stone Soup version 0.21.0-3-g78d12a8 (webtiles) character file.

188 raph the Chiller (level 5, -1/28 HPs)
             Began as a Deep Elf Ice Elementalist on Jan 15, 2018.
             Was a Follower of Ashenzari.
             Killed from afar by an orc wizard (8 damage)
             ... with a magic dart
             ... on level 3 of the Dungeon.
             The game lasted 00:06:13 (3342 turns).

raph the Chiller (Deep Elf Ice Elementalist)        Turns: 3342, Time: 00:06:15

Health: -1/28      AC:  4    Str:  5    XL:     5   Next: 39%
Magic:  5/13       EV: 13    Int: 20    God:    Ashenzari [*.....]
Gold:   115        SH:  0    Dex: 16    Spells: 2/12 levels left

rFire    . . .     SeeInvis .   n - -3 dagger (curse)
rCold    . . .     Gourm    .   (no shield)
rNeg     . . .     Faith    .   i - +0 leather armour (curse)
rPois    .         Spirit   .   (no helmet)
rElec    .         Reflect  .   (no cloak)
rCorr    .         Harm     .   (no gloves)
MR       .....                  o - +0 pair of boots
Stlth    ++........             (no amulet)
HPRegen  0.09/turn              (no ring)
MPRegen  0.13/turn              (no ring)

@: lethally poisoned (-1 -> -20)
A: no striking features
a: Curse Item, Scrying, Renounce Religion


You were on level 3 of the Dungeon.
You worshipped Ashenzari.
Ashenzari was aware of your devotion.
You were not hungry.

You visited 1 branch of the dungeon, and saw 3 of its levels.

You collected 115 gold pieces.

Inventory:

Hand Weapons
 n - a cursed -3 dagger (weapon)
 p - a +2 dagger of speed
Missiles
 k - 149 stones (quivered)
Armour
 a - a +0 robe
 i - a cursed +0 leather armour (worn)
 o - a +0 pair of boots (worn)
Jewellery
 u - an uncursed ring of see invisible
Wands
 w - a wand of acid (9)
Scrolls
 f - a scroll of noise {unknown}
 g - 2 scrolls of identify {unknown}
 h - a scroll of immolation {unknown}
 j - a scroll of magic mapping {unknown}
 l - a scroll of amnesia {unknown}
 m - a scroll of teleportation {unknown}
 v - a scroll of fear {unknown}
Potions
 d - 2 potions of heal wounds {unknown}
 e - 4 potions of curing {unknown}
 q - a potion of haste {unknown}
 r - a potion of invisibility {unknown}
 s - a potion of magic {unknown}
Books
 b - a book of Frost

   Spells                             Type                      Level
   a - Freeze                         Ice                          1
   b - Throw Frost                    Conjuration/Ice              2
   c - Ozocubu's Armour               Charms/Ice                   3
   d - Throw Icicle                   Conjuration/Ice              4
   e - Summon Ice Beast               Ice/Summoning                4
Comestibles
 c - 8 rations


   Skills:
 + Level 3.7 Dodging
 + Level 3.9 Stealth
 + Level 4.2 Spellcasting
 + Level 1.2 Conjurations
 + Level 0.3 Charms
 * Level 4.9 Ice Magic


You had 2 spell levels left.
You knew the following spells:

 Your Spells              Type           Power        Failure   Level  Hunger
a - Freeze                Ice            ###.         2%          1    None
b - Throw Frost           Conj/Ice       ###...       9%          2    #......
c - Ozocubu's Armour      Chrm/Ice       ##......     22%         3    ###....
d - Throw Icicle          Conj/Ice       ###.....     50%         4    ####...


Dungeon Overview and Level Annotations

Branches:
Dungeon (3/15)

Altars:
Ashenzari
Xom


Message History

Aiming: Freeze
Press: ? - help, Shift-Dir - straight line, f - orc, p - orc wizard
Aim: an orc, wielding a falchion and wearing a leather armour You freeze the orc.
The orc is heavily wounded.
You feel sick. The orc hits you but does no damage.
* * * LOW HITPOINT WARNING * * *
You feel sick.
Casting: Freeze
Confirm with . or Enter, or press ? or * to list all spells.
Aiming: Freeze
Press: ? - help, Shift-Dir - straight line, f/p - orc
Aim: an orc, wielding a falchion and wearing a leather armour (heavily wounded)
You freeze the orc.
You kill the orc!
* * * LOW HITPOINT WARNING * * *
You feel sick. The orc wizard casts a spell at you. The magic dart hits you!
You die...

###..## .#.#.# .....##########
#.###.^.......# ....#.........#
#.#.#.........#
#.#.#........o#### ###
..#.#.........)).# ##.##
###.#.........##@# ##.#.##
....#.........##.########.###.##
#####.........##............##.#
#.........###########.#.#.##
#######.##.##.#########......##
.....##.##....)......##)###..#
####.##..............##.###..#
.....#####..##..o)...##.##...#
..........o..o...<)..##.##.#.#


You could see an orc wizard.

Vanquished Creatures
  A bullfrog (D:3)
  3 gnolls (D:3)
  4 adders
  An ooze (D:2)
  A worm (D:2)
  A dart slug (D:1)
  8 orcs
  2 giant cockroaches
  4 goblins
  6 hobgoblins
  A ball python (D:1)
  4 bats
  3 frilled lizards (D:2)
  8 kobolds
  5 rats
52 creatures vanquished.

Notes
Turn   | Place    | Note
-------+----------+-------------------------------------------
     0 | D:1      | raph the Deep Elf Ice Elementalist began the quest for the Orb.
     0 | D:1      | Reached XP level 1. HP: 10/10 MP: 6/6
   476 | D:1      | Reached XP level 2. HP: 13/15 MP: 4/8
   501 | D:1      | Learned a level 2 spell: Throw Frost
   908 | D:2      | Found a shattered altar of Ashenzari.
  1013 | D:2      | Became a worshipper of Ashenzari the Shackled
  1537 | D:2      | Reached XP level 3. HP: 17/19 MP: 5/9
  2024 | D:2      | Found a shimmering altar of Xom.
  2270 | D:2      | Learned a level 3 spell: Ozocubu's Armour
  2349 | D:3      | Reached XP level 4. HP: 24/24 MP: 8/11
  2519 | D:3      | Reached * piety under Ashenzari
  3061 | D:3      | Noticed a bullfrog
  3069 | D:3      | Killed a bullfrog
  3069 | D:3      | Reached XP level 5. HP: 25/28 MP: 8/13
  3078 | D:3      | Learned a level 4 spell: Throw Icicle
  3342 | D:3      | Killed from afar by an orc wizard

Skill      XL: |  1  2  3  4 |
---------------+-------------+-----
Stealth        | 3 |  3.9
Ice Magic      | 4 |  4.9
Dodging        | 3 |  3.7
Spellcasting   | 4 |  4.2
Conjurations   | |  1.2
Charms         | |  0.3

Action                   |  1- 3 |  4- 6 || total
-------------------------+-------+-------++-------
Melee: Unarmed           |     6 |       ||     6
       Dagger            |     2 |     3 ||     5
 Cast: Freeze            |    55 |    26 ||    81
       Throw Frost       |     3 |     8 ||    11
       Ozocubu's Armour  |       |     3 ||     3
Invok: Curse Item        |     1 |       ||     1
  Eat: Chunk             |     4 |     4 ||     8
Armor: Leather armour    |    13 |     8 ||    21
Dodge: Dodged            |    21 |    14 ||    35
